 Dungeon Crawl Stone Soup version 0.28-a0-312-gbced6e68ee (webtiles) character file.

Game seed: 4547046812204552344

217 Shayle the Insei (level 6, -1/47 HPs)
             Began as a Djinni Warper on Aug 31, 2021.
             Slain by a gnoll (9 damage)
             ... on level 4 of the Dungeon.
             The game lasted 00:05:39 (4188 turns).

Shayle the Insei (Djinni Warper)                    Turns: 4188, Time: 00:05:39

Health: -1/47      AC:  3    Str: 10    XL:     6   Next: 16%
Gold:   129        EV: 11    Int: 17    God:
                   SH:  0    Dex: 12

rFire   + + .      SeeInvis .   e - +1 short sword (venom)
rCold   x . .      Faith    .   (no shield)
rNeg    . . .      Spirit   .   a - +0 leather armour
rPois   ∞          Reflect  .   (no helmet)
rElec   .          Harm     .   (no cloak)
rCorr   .          Rampage  .   (no gloves)
Will    .....                   (boots unavailable)
Stlth   +.........              (no amulet)
HPRegen 0.15/turn               (no ring)
MPRegen 0.00/turn               (no ring)

@: flying
A: sickness immunity, fire resistance 2, cold vulnerability 1, float, innate
caster, hp casting, extra vitality 1
a: no special abilities


You were on level 4 of the Dungeon.
You visited 1 branch of the dungeon, and saw 4 of its levels.

You collected 129 gold pieces.

Inventory:

Hand Weapons
 d - a +0 vampiric whip
 e - a +1 short sword of venom (weapon)
Missiles
 c - 5 boomerangs of dispersal (quivered)
 f - 4 boomerangs
Armour
 a - a +0 leather armour (worn)
Wands
 h - a wand of flame (19)
Scrolls
 b - 2 scrolls of blinking
 g - a scroll of teleportation {unknown}
 j - a scroll of magic mapping
 l - 4 scrolls of enchant armour
Potions
 i - a potion of curing
 k - a potion of cancellation


   Skills:
 + Level 3.7 Fighting
 - Level 0.7 Throwing
 - Level 1.0 Armour
 - Level 2.1 Dodging
 * Level 5.0 Unarmed Combat
 - Level 2.4 Spellcasting


You couldn't memorise any spells.
You knew the following spells:

 Your Spells              Type           Power      Damage    Failure   Level
a - Blink                 Tloc           N/A        N/A       14%         2
b - Lesser Beckoning      Tloc           10%        N/A       28%         3
c - Gell's Gravitas       Tloc           5%         N/A       28%         3
d - Teleport Other        Tloc           10%        N/A       28%         3
e - Manifold Assault      Tloc           10%        N/A       95%         5
f - Summon Small Mammal   Summ           40%        N/A       10%         1
g - Corpse Rot            Necr/Air       N/A        N/A       14%         2
Your spell library was empty.

Dungeon Overview and Level Annotations

Branches:
Dungeon (4/15)
 Temple: D:4-7

Altars:
Gozag

Annotations:
D:4 3 runed translucent doors, bande's ghost, amateur GrFi


Innate Abilities, Weirdness & Mutations

You are immune to sickness and miasma.
You are immune to poison.
Your flesh is very heat resistant. (rF++)
You are vulnerable to cold. (rC-)
You float through the air rather than walking.
You learn spells naturally, not from books.
Your magical power is your life essence.
You have superior vitality. (+4 HP)


Message History

The gnoll barely misses you. The gnoll hits you with a +0 club!
The gnoll barely misses you.
You hit the gnoll.
The gnoll is poisoned.
The gnoll is heavily wounded.
The gnoll hits you but does no damage. The gnoll barely misses you.
You hit the gnoll.
The gnoll is poisoned.
The gnoll is moderately wounded.
The gnoll hits you with a +0 club.
The gnoll hits you from afar with a +0 spear.
The gnoll misses you.
You hit the gnoll but do no damage.
The gnoll looks as sick as possible!
The gnoll is heavily wounded.
The gnoll hits you with a +0 club. x2
The gnoll hits you from afar with a +0 spear.
The gnoll closely misses you. The gnoll barely misses you.
Unknown command.
You hit the gnoll.
The gnoll is poisoned.
You punch the gnoll, but do no damage.
The gnoll is lightly wounded.
The gnoll hits you with a +0 club. The gnoll barely misses you.
The gnoll completely misses you. The gnoll hits you with a +0 club. x2
Found a fluorescent wand.
You kill the gnoll!
The gnoll hits you with a +0 spear.
* * * LOW HITPOINT WARNING * * *
The gnoll barely misses you.
Unknown command.
You barely miss the gnoll.
The gnoll is almost dead.
You kill the gnoll!
The gnoll hits you with a +0 spear.
* * * LOW HITPOINT WARNING * * *
The gnoll hits you with a +0 club.
* * * LOW HITPOINT WARNING * * *
The gnoll closely misses you.
Your Unarmed Combat skill increases to level 5!
You puncture the gnoll!
You kill the gnoll!
The gnoll hits you with a +0 spear!
You die...

. . ./... ....#
####.. #...... ....
...#.. ##. .... ....
.....# #..##..###...
...<..###...#......##
........#...........#
....# .....#........#
....##
#...#....@).###
.....# #..#....)g...#
###### #...###....##
# 8∩8∩# #...# ######
$$$.$.###...#
8o$8.$8#.....#
..._.y.#.....#
#$.$.K##...######
##+++##.........#


You could see a gnoll.

Vanquished Creatures
  A hound (D:4)
  Natasha (thrice) (D:2 D:1)
  3 gnolls (D:4)
  2 adders
  2 worms
  A dart slug (D:2)
  4 orcs (D:3)
  3 ball pythons
  4 bats
  3 endoplasms
  2 giant cockroaches
  10 goblins
  7 hobgoblins
  8 kobolds
  4 quokkas
  5 frilled lizards
  3 rats
65 creatures vanquished.

Notes
Turn   | Place    | Note
-------+----------+-------------------------------------------
     0 | D:1      | Shayle the Djinni Warper began the quest for the Orb.
     0 | D:1      | Reached XP level 1. HP: 18/18 MP: 0/0
   321 | D:1      | Reached XP level 2. HP: 19/23 MP: 0/0
  1012 | D:1      | Reached XP level 3. HP: 27/29 MP: 0/0
  1012 | D:1      | Learned a level 1 spell: Summon Small Mammal
  1014 | D:1      | Reached skill level 3 in Unarmed Combat
  1389 | D:1      | Found a faded altar of an unknown god.
  1779 | D:2      | Reached XP level 4. HP: 30/34 MP: 0/0
  1791 | D:2      | Noticed Natasha
  1799 | D:2      | Killed Natasha
  1830 | D:2      | Noticed Natasha
  2034 | D:1      | Killed Natasha
  2035 | D:1      | Reached skill level 4 in Unarmed Combat
  2096 | D:1      | Noticed Natasha
  2102 | D:1      | Killed Natasha
  2103 | D:1      | Reached XP level 5. HP: 27/40 MP: 0/0
  2103 | D:1      | Learned a level 2 spell: Corpse Rot
  3990 | D:4      | Found a runed translucent gate.
  3990 | D:4      | Found a runed translucent gate.
  3990 | D:4      | Found a runed translucent gate.
  3990 | D:4      | Found an opulent altar of Gozag.
  3992 | D:4      | Noticed a hornet
  3992 | D:4      | Noticed an acid dragon
  3992 | D:4      | Noticed bande's ghost (amateur GrFi)
  3999 | D:4      | Reached XP level 6. HP: 43/46 MP: 0/0
  4080 | D:4      | Noticed a necrophage
  4188 | D:4      | Reached skill level 5 in Unarmed Combat
  4188 | D:4      | Slain by a gnoll

Illustrated notes

Levels and vault maps discovered:
D:1:      nagdon_arrival_zigzag_paths, layout_loops_ring,
          chequers_ecumenical_altar_simple
D:2:      layout_rooms, uniq_natasha
D:3:      layout_basic
D:4:      layout_cave_pools, enter_ossuary_2, ebering_ghost_gozag

Skill      XL: |  1  2  3  4  5  6 |
---------------+-------------------+-----
Unarmed Combat | 3 4 5 |  5.0
Fighting       | 3 |  3.7
Throwing       | |  0.7
Armour         | |  1.0
Dodging        | |  2.1
Spellcasting   | |  2.4

Action                   |  1- 3 |  4- 6 || total
-------------------------+-------+-------++-------
Melee: Unarmed           |    35 |       ||    35
       Short sword       |    76 |   119 ||   195
       Punch             |     2 |     1 ||     3
  Use: Scroll            |       |     7 ||     7
 Stab: Sleeping          |     1 |     1 ||     2
Armor: Leather armour    |    38 |    32 ||    70
Dodge: Dodged            |    59 |    69 ||   128

Table legend: (Time is in decaauts)
 A = Elapsed time spent in this place.
 B = Non-inter-level travel time spent in this place.
 C = Inter-level travel time spent in this place.
 D = Time resting spent in this place.
 E = Time spent auto-exploring this place.
 F = Levels seen in this place.
 G = Mean time per level.
                   A        B        C        D        E       F      G
               +--------+--------+--------+--------+--------+-----+--------+
         Total |   4208 |   3908 |    300 |    803 |   2426 |   4 | 1052.0 |
       Dungeon |   4208 |   3908 |    300 |    803 |   2426 |   4 | 1052.0 |
               +--------+--------+--------+--------+--------+-----+--------+

Top non-repeatable levels by time:
     D:1: 1751 daAuts
     D:3: 1442 daAuts
     D:2: 870 daAuts
     D:4: 143 daAuts
